 Dungeon Crawl Stone Soup version 0.21-a0-70-g32e1473 (webtiles) character file.

105 xgamer67 the Skirmisher (level 5, -7/44 HPs)
             Began as a Human Monk on June 18, 2017.
             Mangled by an ice beast (8 damage)
             ... on level 3 of the Dungeon.
             The game lasted 00:05:16 (2046 turns).

xgamer67 the Skirmisher (Human Monk)                Turns: 2046, Time: 00:05:17

Health: -7/44      AC:  6    Str: 12    XL:     5   Next: 9%
Magic:  5/5        EV: 10    Int: 10    God:
Gold:   133        SH:  0    Dex: 16    Spells: 4/4 levels left

rFire    . . .     SeeInvis +   a - +0 hand axe
rCold    . . .     Gourm    .   (no shield)
rNeg     . . .     Faith    .   h - +1 ring mail
rPois    .         Spirit   .   (no helmet)
rElec    .         Reflect  .   (no cloak)
rCorr    .         Harm     .   (no gloves)
MR       .....                  (no boots)
Stlth    +.........             (no amulet)
HPRegen  0.14/turn              g - ring of see invisible
MPRegen  0.09/turn              (no ring)

@: heavily drained
A: no striking features
a: no special abilities


You were on level 3 of the Dungeon.
You were not hungry.

You visited 1 branch of the dungeon, and saw 3 of its levels.

You collected 133 gold pieces.

Inventory:

Hand Weapons
 a - a +0 hand axe (weapon)
Armour
 h - a +1 ring mail (worn)
Jewellery
 g - a ring of see invisible (left hand)
Scrolls
 b - a scroll of remove curse {unknown}
 d - a scroll of identify
 e - a scroll of teleportation
 k - a scroll of enchant armour
Potions
 i - a potion of flight
 j - a potion of berserk rage {unknown}
 m - a potion of heal wounds {unknown}
 n - a potion of might {unknown}
 q - a potion of curing {unknown}
Comestibles
 c - 5 bread rations
 f - a royal jelly
 o - 4 fruits


   Skills:
 + Level 5.4(3.6) Fighting
 - Level 3.0(1.3) Axes
 - Level 3.0(1.3) Dodging
 - Level 2.0(0.4) Stealth


You had 4 spell levels left.
You didn't know any spells.

Dungeon Overview and Level Annotations

Branches:
Dungeon (3/15)

Altars:


Message History

You hit the ice beast but do no damage.
The ice beast is heavily wounded.
The ice beast hits you but does no damage.
The ice beast closely misses you.
All of the chunks of flesh in your inventory have rotted away.
You hit the ice beast but do no damage.
The ice beast is heavily wounded.
The ice beast misses you.
You hit the ice beast.
The ice beast is heavily wounded.
The ice beast barely misses you.
You hit the ice beast but do no damage.
The ice beast is heavily wounded.
The ice beast misses you.
You closely miss the ice beast.
The ice beast is heavily wounded.
The ice beast hits you.
* * * LOW HITPOINT WARNING * * *
The ice beast freezes you!
You die...

.# #.###"## ##
##.#.# #..# ##
##.#######.
#.# ##.<......
.#
#.###>########
....##.#.##
........##
....###@# .
#Y# #.# #.#
..# ... ###


You could see an ice beast.

Vanquished Creatures
  Natasha (D:2)
  3 adders
  An ooze (D:1)
  2 worms (D:2)
  A dart slug (D:1)
  A leopard gecko (D:2)
  A ball python (D:1)
  A giant cockroach (D:2)
  8 goblins
  5 hobgoblins
  A quokka (D:2)
  5 bats
  4 frilled lizards
  6 kobolds
  4 rats
44 creatures vanquished.

Notes
Turn   | Place    | Note
-------+----------+-------------------------------------------
     0 | D:1      | xgamer67 the Human Monk began the quest for the Orb.
     0 | D:1      | Reached XP level 1. HP: 18/18 MP: 1/1
   147 | D:1      | Reached XP level 2. HP: 18/24 MP: 2/2
   524 | D:1      | Reached skill level 4 in Fighting
   524 | D:1      | Reached XP level 3. HP: 30/30 MP: 3/3
  1352 | D:2      | Reached XP level 4. HP: 38/38 MP: 4/4
  1358 | D:2      | Noticed Natasha
  1372 | D:2      | Killed Natasha
  1372 | D:2      | Reached skill level 5 in Fighting
  1606 | D:2      | Found a faded altar of an unknown god.
  1965 | D:3      | Reached XP level 5. HP: 41/44 MP: 5/5
  2024 | D:3      | Noticed an ice beast
  2038 | D:3      | HP: 2/44 [ice beast (5)]
  2046 | D:3      | HP: 1/44 [ice beast (2)]
  2046 | D:3      | Mangled by an ice beast

Vault maps used:
D:1:      co_arrival_square_in_a_square_in_a_square
D:2:      chequers_ecumenical_altar_simple, serial_park_tiny_2, uniq_natasha

Skill      XL: |  1  2  3  4 |
---------------+-------------+-----
Fighting       | 4 5 |  5.4
Axes           | |  3.0
Dodging        | |  3.0
Stealth        | |  2.0

Action                   |  1- 3 |  4- 6 || total
-------------------------+-------+-------++-------
Melee: Hand axe          |   121 |    71 ||   192
  Use: Scroll            |       |     5 ||     5
 Stab: Sleeping          |     1 |     2 ||     3
  Eat: Chunk             |     2 |     2 ||     4
Armor: Robe              |     7 |       ||     7
       Ring mail         |    30 |    22 ||    52
Dodge: Dodged            |    80 |    40 ||   120
